 Dungeon Crawl Stone Soup version 0.31-a0-963-ga325b2283a (webtiles) character file.

Game seed: 10521254761378746009

2658 theanonym the Thaumaturge (level 9, -13/68 HPs)
             Began as a Djinni Fire Elementalist on Oct 24, 2023.
             Killed by divine providence
             ... invoked by Jeremiah
              (15 damage)
             ... on level 7 of the Dungeon.
             The game lasted 00:24:53 (6237 turns).

theanonym the Thaumaturge (DjFE)                    Turns: 6237, Time: 00:24:54

Health: -13/68     AC:  5    Str:  7    XL:     9   Next: 94%
Gold:   317        EV: 12    Int: 25    God:
                   SH:  0    Dex: 14

rFire   + + .        e - staff of conjuration
rCold   x . .        (no shield)
rNeg    . . .        o - +2 robe {Will+} {Will+}
rPois   ∞            u - +2 hat
rElec   .            (no cloak)
rCorr   +            (no gloves)
SInv    .            (boots unavailable)
Will    +....        (no amulet)
Stlth   ++           m - +6 ring of intelligence
HPRegen 0.31/turn    y - ring of resist corrosion
MPRegen 0.00/turn

%: clarity, infuse magic (-14 HP)
@: flying
A: sickness immunity, fire resistance 2, cold vulnerability 1, float, innate
caster, HP casting, extra vitality 1, clarity, deformed body, dopey 1
a: no special abilities


Innate Abilities, Weirdness & Mutations

You are immune to sickness and miasma.
You are immune to poison.
Your flesh is very heat resistant. (rF++)
You are vulnerable to cold. (rC-)
You float through the air rather than walking.
You learn spells naturally, not from books.
Your magical power is your life essence.
You have superior vitality. (+4 MHP)
You possess an exceptional clarity of mind.
Armour fits poorly on your strangely shaped body.
You are dopey. (Int -2)


   Skills:
 + Level 7.3 Fighting
 - Level 2.1 Dodging
 - Level 1.5 Stealth
 * Level 8.4 Spellcasting
 * Level 8.4 Conjurations
 * Level 8.4 Hexes
   Level 0.0 Charms
 * Level 8.4 Summonings
 * Level 8.4 Necromancy
 * Level 8.4 Translocations
 * Level 8.4 Transmutations
 * Level 8.4 Fire Magic
 * Level 8.4 Ice Magic
 * Level 8.4 Air Magic
 * Level 8.4 Earth Magic
 * Level 8.4 Poison Magic


You knew the following spells:

 Your Spells              Type           Power      Damage    Failure   Level
a - Foxfire               Conj/Fire      100%       2x1d9     1%          1
b - Scorch                Fire           100%       2d9       1%          2
c - Volatile Blastmotes   Fire/Tloc      100%       2d18      1%          3
d - Inner Flame           Hex/Fire       52%        N/A       1%          3
e - Flame Wave            Conj/Fire      68%        2d15      1%          4
f - Sandblast             Erth           100%       2d20      1%          1
g - Static Discharge      Conj/Air       100%       3-8/arc   1%          2
h - Jinxbite              Hex            100%       N/A       1%          2
i - Vampiric Draining     Necr           52%        2d9       1%          3
Your spell library was empty.

Skill      XL: |  1  2  3  4  5  6  7  8  9 |
---------------+----------------------------+-----
Spellcasting   | 4 5 7 8 |  8.4
Conjurations   | 4 5 7 8 |  8.4
Hexes          | 4 5 7 8 |  8.4
Summonings     | 4 5 7 8 |  8.4
Necromancy     | 4 5 7 8 |  8.4
Translocations | 4 5 7 8 |  8.4
Transmutations | 4 5 7 8 |  8.4
Fire Magic     | 4 5 7 8 |  8.4
Ice Magic      | 4 5 7 8 |  8.4
Air Magic      | 4 5 7 8 |  8.4
Earth Magic    | 4 5 7 8 |  8.4
Poison Magic   | 4 5 7 8 |  8.4
Fighting       | 1 2 3 4 5 7 |  7.3
Dodging        | |  2.1
Stealth        | |  1.5

Action                     |  1- 3 |  4- 6 |  7- 9 || total
---------------------------+-------+-------+-------++-------
  Melee: Unarmed           |    33 |       |       ||    33
         Dagger            |       |    34 |     4 ||    38
         Punch             |       |     2 |       ||     2
         Staff             |       |       |     3 ||     3
   Cast: Foxfire           |    23 |    21 |   195 ||   239
         Sandblast         |    15 |    13 |    11 ||    39
         Scorch            |       |    21 |    51 ||    72
         Static Discharge  |       |     2 |       ||     2
         Flame Wave        |       |     1 |     2 ||     3
         Inner Flame       |       |       |     2 ||     2
         Vampiric Draining |       |       |     2 ||     2
  Evoke: Wand              |       |       |     7 ||     7
    Use: Potion            |       |       |     6 ||     6
         Scroll            |       |       |     5 ||     5
   Stab: Distracted        |       |     1 |       ||     1
 Armour: Robe              |    25 |    17 |    56 ||    98
         Animal skin       |       |    10 |       ||    10
  Dodge: Dodged            |    27 |    34 |    45 ||   106

Inventory:

Hand Weapons
 g - a +0 dagger
Armour
 b - the +1 ring mail "Oxumil" {rF+ Dex+2}

   Dex+2:     It affects your dexterity (+2).
   rF+:       It protects you from fire.
 j - a +0 helmet
 o - a +2 robe of willpower (worn) {Will+}
 u - a +2 hat (worn)
Magical Staves
 e - a staff of conjuration (weapon)
Jewellery
 m - a +6 ring of intelligence (left hand)
 y - a ring of resist corrosion (right hand)
Talismans
 z - a maw talisman
Wands
 s - a wand of polymorph (5)
Scrolls
 a - 2 scrolls of revelation {unknown}
 d - 2 scrolls of fear {unknown}
 l - a scroll of enchant armour {unknown}
 n - a scroll of amnesia {unknown}
 t - 2 scrolls of teleportation
 v - a scroll of vulnerability {unknown}
 x - a scroll of acquirement {unknown}
Potions
 f - 2 potions of resistance {rF+ rC+}
 h - a potion of haste
 i - a potion of magic
 p - 2 potions of lignification
 w - 3 potions of curing


You were on level 7 of the Dungeon.
You visited 1 branch of the dungeon, and saw 7 of its levels.

You collected 317 gold pieces.

Dungeon Overview and Level Annotations

Branches:
Dungeon (7/15)
 Temple: D:4-7

Altars:

Shops:
D:3 (   D:5 !

Annotations:
D:7 Jeremiah

###
##@##
#fo)##
#[...##
##(.b.#
##[.b#
##.[#
#.bb#
#..F#
.......


You could see Jeremiah, a sleepcap and an orc.

Notes
Turn   | Place    | Note
-------+----------+-------------------------------------------
     0 | D:1      | Reached skill level 3 in Spellcasting
     0 | D:1      | Reached skill level 3 in Conjurations
     0 | D:1      | Reached skill level 3 in Hexes
     0 | D:1      | Reached skill level 3 in Summonings
     0 | D:1      | Reached skill level 3 in Necromancy
     0 | D:1      | Reached skill level 3 in Translocations
     0 | D:1      | Reached skill level 3 in Transmutations
     0 | D:1      | Reached skill level 3 in Fire Magic
     0 | D:1      | Reached skill level 3 in Ice Magic
     0 | D:1      | Reached skill level 3 in Air Magic
     0 | D:1      | Reached skill level 3 in Earth Magic
     0 | D:1      | Reached skill level 3 in Poison Magic
     0 | D:1      | theanonym the Djinni Fire Elementalist began the quest for
                  | the Orb.
     0 | D:1      | theanonym set off with the following spells memorised:
                  | Foxfire, Scorch, Volatile Blastmotes, Inner Flame, Flame
                  | Wave.
     0 | D:1      | Reached XP level 1. HP: 15/15 MP: 0/0
    57 | D:1      | Reached XP level 2. HP: 13/22 MP: 0/0
   247 | D:1      | HP: 10/22 [goblin/+0 club (4)]
   423 | D:1      | Reached skill level 1 in Fighting
   487 | D:1      | Reached XP level 3. HP: 25/27 MP: 0/0
   487 | D:1      | Learned a level 1 spell: Sandblast
   944 | D:2      | Noticed Robin
   957 | D:2      | Killed Robin
   958 | D:2      | Reached XP level 4. HP: 26/32 MP: 0/0
  1403 | D:2      | Reached skill level 2 in Fighting
  1447 | D:2      | Noticed Jessica
  1450 | D:2      | Killed Jessica
  1451 | D:2      | Reached skill level 4 in Spellcasting
  1451 | D:2      | Reached skill level 4 in Conjurations
  1451 | D:2      | Reached skill level 4 in Hexes
  1451 | D:2      | Reached skill level 4 in Summonings
  1451 | D:2      | Reached skill level 4 in Necromancy
  1451 | D:2      | Reached skill level 4 in Translocations
  1451 | D:2      | Reached skill level 4 in Transmutations
  1451 | D:2      | Reached skill level 4 in Fire Magic
  1451 | D:2      | Reached skill level 4 in Ice Magic
  1451 | D:2      | Reached skill level 4 in Air Magic
  1451 | D:2      | Reached skill level 4 in Earth Magic
  1451 | D:2      | Reached skill level 4 in Poison Magic
  1451 | D:2      | Reached XP level 5. HP: 19/38 MP: 0/0
  1451 | D:2      | Learned a level 2 spell: Static Discharge
  1549 | D:2      | Noticed Natasha
  1552 | D:2      | Killed Natasha
  1938 | D:2      | Noticed Natasha
  1943 | D:2      | Killed Natasha
  1959 | D:2      | Noticed Natasha
  1961 | D:2      | Killed Natasha
  2671 | D:3      | Found a faded altar of an unknown god.
  2785 | D:3      | Found Bumur's Weapon Shoppe.
  2896 | D:3      | Reached XP level 6. HP: 42/45 MP: 0/0
  2900 | D:3      | Reached skill level 3 in Fighting
  3292 | D:4      | Noticed Ijyb
  3301 | D:4      | Killed Ijyb
  3302 | D:4      | Reached skill level 5 in Spellcasting
  3302 | D:4      | Reached skill level 5 in Conjurations
  3302 | D:4      | Reached skill level 5 in Hexes
  3302 | D:4      | Reached skill level 5 in Summonings
  3302 | D:4      | Reached skill level 5 in Necromancy
  3302 | D:4      | Reached skill level 5 in Translocations
  3302 | D:4      | Reached skill level 5 in Transmutations
  3302 | D:4      | Reached skill level 5 in Fire Magic
  3302 | D:4      | Reached skill level 5 in Ice Magic
  3302 | D:4      | Reached skill level 5 in Air Magic
  3302 | D:4      | Reached skill level 5 in Earth Magic
  3302 | D:4      | Reached skill level 5 in Poison Magic
  3302 | D:4      | Reached XP level 7. HP: 40/50 MP: 0/0
  3302 | D:4      | Learned a level 2 spell: Jinxbite
  3311 | D:4      | HP: 24/50 [iguana (6)]
  3483 | D:4      | Identified the +1 ring mail "Oxumil" {rF+ Dex+2}
  3667 | D:4      | Noticed Edmund
  3678 | D:4      | Killed Edmund
  3679 | D:4      | Reached skill level 4 in Fighting
  3978 | D:4      | Reached XP level 8. HP: 55/58 MP: 0/0
  4090 | D:4      | Reached skill level 6 in Spellcasting
  4090 | D:4      | Reached skill level 6 in Conjurations
  4090 | D:4      | Reached skill level 6 in Hexes
  4090 | D:4      | Reached skill level 6 in Summonings
  4090 | D:4      | Reached skill level 6 in Necromancy
  4090 | D:4      | Reached skill level 6 in Translocations
  4090 | D:4      | Reached skill level 6 in Transmutations
  4090 | D:4      | Reached skill level 6 in Fire Magic
  4090 | D:4      | Reached skill level 6 in Ice Magic
  4090 | D:4      | Reached skill level 6 in Air Magic
  4090 | D:4      | Reached skill level 6 in Earth Magic
  4090 | D:4      | Reached skill level 6 in Poison Magic
  4327 | D:5      | Entered Level 5 of the Dungeon
  4387 | D:5      | Noticed Sigmund
  4391 | D:5      | Killed Sigmund
  4392 | D:5      | Reached skill level 5 in Fighting
  4528 | D:5      | Noticed Prince Ribbit
  4540 | D:5      | Killed Prince Ribbit
  4541 | D:5      | Reached skill level 7 in Spellcasting
  4541 | D:5      | Reached skill level 7 in Conjurations
  4541 | D:5      | Reached skill level 7 in Hexes
  4541 | D:5      | Reached skill level 7 in Summonings
  4541 | D:5      | Reached skill level 7 in Necromancy
  4541 | D:5      | Reached skill level 7 in Translocations
  4541 | D:5      | Reached skill level 7 in Transmutations
  4541 | D:5      | Reached skill level 7 in Fire Magic
  4541 | D:5      | Reached skill level 7 in Ice Magic
  4541 | D:5      | Reached skill level 7 in Air Magic
  4541 | D:5      | Reached skill level 7 in Earth Magic
  4541 | D:5      | Reached skill level 7 in Poison Magic
  4541 | D:5      | Reached XP level 9. HP: 52/66 MP: 0/0
  4541 | D:5      | Learned a level 3 spell: Vampiric Draining
  4601 | D:5      | Reached skill level 6 in Fighting
  4626 | D:5      | Noticed Eustachio
  4661 | D:5      | Killed Eustachio
  4813 | D:5      | Found Uleos's Distillery.
  4835 | D:5      | HP: 27/67 [gnoll sergeant/+0 trident (10)]
  4841 | D:5      | HP: 22/67 [gnoll/+0 spear[a gnoll sergeant] (1)]
  5443 | D:6      | Reached skill level 8 in Spellcasting
  5443 | D:6      | Reached skill level 8 in Conjurations
  5443 | D:6      | Reached skill level 8 in Hexes
  5443 | D:6      | Reached skill level 8 in Summonings
  5443 | D:6      | Reached skill level 8 in Necromancy
  5443 | D:6      | Reached skill level 8 in Translocations
  5443 | D:6      | Reached skill level 8 in Transmutations
  5443 | D:6      | Reached skill level 8 in Fire Magic
  5443 | D:6      | Reached skill level 8 in Ice Magic
  5443 | D:6      | Reached skill level 8 in Air Magic
  5443 | D:6      | Reached skill level 8 in Earth Magic
  5443 | D:6      | Reached skill level 8 in Poison Magic
  5596 | D:6      | Reached skill level 7 in Fighting
  5880 | D:7      | Identified the of Fuubuug
  5919 | D:7      | Noticed Jeremiah
  5984 | D:6      | HP: 31/68 [ice beast (9)]
  6187 | D:7      | HP: 30/68 [gnoll/+0 halberd[a gnoll bouda] (12)]
  6189 | D:7      | HP: 11/68 [gnoll/+0 halberd[a gnoll bouda] (10)]
  6199 | D:7      | HP: 5/68 [wight/+0 dagger (2)]
  6228 | D:7      | Gained mutation: You are dopey. (Int -2) [potion of
                  | mutation]
  6228 | D:7      | Gained mutation: Armour fits poorly on your strangely
                  | shaped body. [potion of mutation]
  6228 | D:7      | Gained mutation: You possess an exceptional clarity of
                  | mind. [potion of mutation]
  6232 | D:7      | HP: 11/68 [Jeremiah/divine providence (14)]
  6236 | D:7      | HP: 5/68 [orc/+0 hand axe (2)]
  6237 | D:7      | Killed from afar by Jeremiah

Vanquished Creatures
  Prince Ribbit (D:5)
  Sigmund (D:5)
  Eustachio (D:5)
  Edmund (D:4)
  A water moccasin (D:6)
  A black bear (D:6)
  2 ice beasts
  A phantom (D:5)
  2 gnoll sergeants
  3 bullfrogs (D:6)
  4 scorpions
  A wight (D:7)
  A howler monkey (D:6)
  5 hounds
  A jelly (D:5)
  2 orc priests (D:3)
  Jessica (D:2)
  4 iguanas
  Ijyb (D:4)
  4 orc wizards
  Natasha (thrice) (D:2)
  Robin (D:2)
  7 adders
  17 gnolls
  A white imp (D:7)
  2 ufetubi (D:6)
  3 worms
  2 dart slugs
  13 orcs
  6 ball pythons
  4 bats
  9 endoplasms
  5 giant cockroaches
  23 goblins
  6 hobgoblins
  2 jackals (D:1)
  2 quokkas
  3 frilled lizards (D:2)
  3 kobolds
  4 rats
154 creatures vanquished.

Vanquished Creatures (others)
  406 foxfires
406 creatures vanquished.

Grand Total: 560 creatures vanquished

Table legend: (Time is in decaauts)
 A = Elapsed time spent in this place.
 B = Non-inter-level travel time spent in this place.
 C = Inter-level travel time spent in this place.
 D = Time resting spent in this place.
 E = Time spent auto-exploring this place.
 F = Levels seen in this place.
 G = Mean time per level.
                   A        B        C        D        E       F      G
               +--------+--------+--------+--------+--------+-----+--------+
         Total |   6254 |   5789 |    465 |    959 |   3948 |   7 |  893.4 |
       Dungeon |   6254 |   5789 |    465 |    959 |   3948 |   7 |  893.4 |
               +--------+--------+--------+--------+--------+-----+--------+

Top non-repeatable levels by time:
     D:2: 1838 daAuts
     D:4: 996 daAuts
     D:5: 876 daAuts
     D:6: 865 daAuts
     D:1: 859 daAuts
     D:3: 675 daAuts
     D:7: 142 daAuts
